 Dungeon Crawl Stone Soup version 0.31-a0-222-gefeffbb62a (webtiles) character file.

Game seed: 2406100199026245047

487 qw the Chopper (level 7, 0/43 HPs)
             Began as a Gargoyle Fighter on July 4, 2023.
             Slain by Sigmund
             ... wielding a +0 scythe
              (7 damage)
             ... on level 5 of the Dungeon.
             The game lasted 00:01:48 (2928 turns).

qw the Chopper (Gargoyle Fighter)                   Turns: 2928, Time: 00:01:49

Health: 0/43       AC: 13    Str: 22    XL:     7   Next: 13%
Magic:  7/7        EV:  9    Int:  8    God:
Gold:   276        SH:  4    Dex:  9    Spells: 6/6 levels left

rFire   + . .        Y - +0 war axe
rCold   . . .        c - +0 buckler
rNeg    + . .        b - +0 scale mail
rPois   inf          n - +1 helmet
rElec   +            (no cloak)
rCorr   .            (no gloves)
SInv    .            (no boots)
Will    .....        (no amulet) Stlth
                     o - ring of protection from fire
HPRegen 0.27/turn    (no ring)
MPRegen 0.10/turn

%: no passive effects
@: no status effects
A: sickness immunity, AC +4, negative energy resistance 1, electricity
resistance, torment resistance 1, petrification resistance
a: no special abilities


You were on level 5 of the Dungeon.
You visited 2 branches of the dungeon, and saw 6 of its levels.

You collected 276 gold pieces.


Innate Abilities, Weirdness & Mutations

You are immune to sickness and miasma.
Your stone body is resilient. (AC +4)
You are immune to poison.
You resist negative energy. (rN+)
You are resistant to electric shocks. (rElec)
You are resistant to unholy torment.
You are immune to petrification.


   Skills:
 - Level 4.1 Fighting
 + Level 6.2 Axes
 - Level 3.2 Armour
 - Level 1.2 Dodging
 - Level 3.2 Shields


You had 6 spell levels left.
You didn't know any spells.
Your spell library was empty.

Inventory:

Hand Weapons
 j - a +0 flail
 Y - a +0 war axe (weapon)
Missiles
 f - a boomerang (quivered)
Armour
 b - a +0 scale mail (worn)
 c - a +0 buckler (worn)
 n - a +1 helmet (worn)
Jewellery
 o - a ring of protection from fire (left hand)
Scrolls
 h - 3 scrolls of identify
Potions
 a - a potion of mutation
 d - a potion of might
 g - a potion of haste
 i - a potion of attraction
 l - 2 potions of curing
 m - 2 potions of heal wounds

Dungeon Overview and Level Annotations

Branches:
Dungeon (5/15)             Temple (1/1) D:4

Altars:
Dithmenos
Fedhas
Gozag
Hepliaklqana
Kikubaaqudgha
Nemelex Xobeh
Qazlal
Ru
Sif Muna
Trog
Zin
The Shining One

Annotations:
D:5 Sigmund


Message History

You completely miss Sigmund. You block Sigmund's attack.
You hit Sigmund but do no damage. You closely miss Sigmund.
Sigmund hits you with a +0 scythe.
You closely miss Sigmund. Sigmund hits you with a +0 scythe.
You hit Sigmund.
Sigmund is lightly wounded.
Sigmund closely misses you.
You closely miss Sigmund.
Sigmund is lightly wounded.
Sigmund mumbles some strange words.
Sigmund flickers and vanishes!
Deactivating autopickup; reactivate with Ctrl-A.
You barely miss something. Something hits you.
You barely miss something. Something hits you but does no damage.
You slash something! You hit something. Something hits you!
You miss something.
You hear some strange, mumbled words.
A puff of flame appears from out of thin air!
The puff of flame hits you. You resist.
You closely miss something. Something hits you.
You barely miss something. Something hits you but does no damage.
You miss something. Something hits you.
You hit something.
You hear some strange, mumbled words.
Something tries to affect you, but you resist.
You miss something. Something hits you but does no damage.
You closely miss something. Something hits you!
You die...

##.#.######### .....#
##.##.. ### ##.# #####.#
.# ..##.# .# #.##.# #.#
####.##.# #.# #...@..##
#.# ......{##..# #.#
~~~...# ##.#############
~~~~~~ #..............
~~~~~~~~##..............
~~~~~~~~~~..............
#~~~~~~~~~##############
####~~~~~~ #.# ###~~~~
#.#


There were no monsters in sight!

Vanquished Creatures
  A water moccasin (D:5)
  An ogre (D:4)
  An orc priest (D:4)
  A jelly (D:4)
  An orc wizard (D:3)
  Robin (D:2)
  7 gnolls
  3 adders
  3 dart slugs
  4 orcs
  2 endoplasms
  7 giant cockroaches
  15 goblins
  5 hobgoblins
  6 jackals
  13 kobolds
  4 quokkas
  6 ball pythons
  7 bats
  3 frilled lizards
  7 rats
98 creatures vanquished.

Notes
Turn   | Place    | Note
-------+----------+-------------------------------------------
     0 | D:1      | qw the Gargoyle Fighter began the quest for the Orb.
     0 | D:1      | Reached XP level 1. HP: 14/14 MP: 1/1
     0 | D:1      | 0 ||| qw: Version: 0.3-a-46-gb1f654a
     0 | D:1      | 0 ||| qw: Game counter: 979
     0 | D:1      | 0 ||| qw: Melee chars always use a shield: true
     0 | D:1      | 0 ||| qw: God list: Okawaru
     0 | D:1      | 0 ||| qw: Allow faded altars: false
     0 | D:1      | 0 ||| qw: Do Orc after clearing Dungeon:15 true
     0 | D:1      | 0 ||| qw: Do second Lair branch before Depths: true
     0 | D:1      | 0 ||| qw: Lair rune preference: random
     0 | D:1      | 0 ||| qw: Goals: Normal, Zot:1-4, Slime:5, God:TSO, Crypt,
                  | Tomb, Abyss, Pan, Hells, Win
     0 | D:1      | 0 ||| PLANNING D:1-11
    11 | D:1      | Reached skill level 2 in Axes
    23 | D:1      | 23 ||| Stepping ~*~*~tactically~*~*~ (stealth).
    64 | D:1      | 64 ||| Stepping ~*~*~tactically~*~*~ (hiding).
    76 | D:1      | Reached XP level 2. HP: 19/19 MP: 2/2
   143 | D:1      | 143 ||| DROPPING +0 club.
   157 | D:1      | 157 ||| Stepping ~*~*~tactically~*~*~ (stealth).
   295 | D:1      | 295 ||| DROPPING +0 whip.
   296 | D:1      | 296 ||| READING scroll labelled OTIMIOF TUNGEXT.
   300 | D:1      | Reached skill level 3 in Axes
   322 | D:1      | 322 ||| Stepping ~*~*~tactically~*~*~ (stealth).
   325 | D:1      | 325 ||| Stepping ~*~*~tactically~*~*~ (stealth).
   327 | D:1      | 327 ||| Stepping ~*~*~tactically~*~*~ (hiding).
   328 | D:1      | 328 ||| Stepping ~*~*~tactically~*~*~ (hiding).
   338 | D:1      | Reached XP level 3. HP: 23/23 MP: 3/3
   543 | D:1      | 543 ||| READING scroll labelled WIOBU PISANYKH.
   544 | D:1      | 544 ||| READING 2 scrolls labelled ROOKKA YFUA.
   545 | D:1      | 545 ||| READING scroll labelled ENITSU KULI.
   573 | D:2      | 573 ||| STAIRDANCE
   719 | D:2      | Found a glowing golden altar of the Shining One.
   766 | D:2      | 766 ||| Stepping ~*~*~tactically~*~*~ (stealth).
   791 | D:2      | Reached XP level 4. HP: 17/28 MP: 4/4
   841 | D:2      | 841 ||| Stepping ~*~*~tactically~*~*~ (stealth).
   843 | D:2      | Noticed Robin
   844 | D:2      | 844 ||| Stepping ~*~*~tactically~*~*~ (stealth).
   865 | D:2      | HP: 7/28 [goblin/+0 club[Robin] (2)]
   867 | D:2      | Reached skill level 4 in Axes
   869 | D:2      | Killed Robin
  1138 | D:2      | 1138 ||| Stepping ~*~*~tactically~*~*~ (stealth).
  1141 | D:2      | 1141 ||| Stepping ~*~*~tactically~*~*~ (stealth).
  1143 | D:2      | 1143 ||| Stepping ~*~*~tactically~*~*~ (stealth).
  1147 | D:2      | 1147 ||| FLEEEEING.
  1148 | D:2      | 1148 ||| FLEEEEING.
  1149 | D:2      | 1149 ||| FLEEEEING.
  1150 | D:2      | 1150 ||| FLEEEEING.
  1151 | D:2      | 1151 ||| FLEEEEING.
  1152 | D:2      | 1152 ||| Stepping ~*~*~tactically~*~*~ (stealth).
  1163 | D:2      | Reached XP level 5. HP: 26/32 MP: 5/5
  1206 | D:2      | 1206 ||| DROPPING +0 mace.
  1363 | D:2      | 1363 ||| UPGRADING to +0 helmet.
  1368 | D:2      | 1368 ||| READING scroll labelled ELEACE HYDEI.
  1369 | D:2      | 1369 ||| READING scroll labelled VAPSEMP IMORCHU.
  1425 | D:3      | Reached skill level 5 in Axes
  1501 | D:3      | 1501 ||| Stepping ~*~*~tactically~*~*~ (hiding).
  1706 | D:3      | HP: 7/33 [gnoll/+0 whip (5)]
  1708 | D:3      | HP: 3/33 [gnoll/+0 whip (2)]
  2050 | D:3      | 2050 ||| UPGRADING to +1 helmet.
  2060 | D:3      | 2060 ||| DROPPING +0 helmet.
  2061 | D:3      | 2061 ||| READING 4 scrolls labelled HYTATH HEOFOV.
  2062 | D:3      | 2062 ||| READING scroll labelled GOHITI ODOFIRA.
  2063 | D:3      | 2063 ||| READING scroll labelled ZISIANK ZAEBBU.
  2064 | D:3      | 2064 ||| DRINKING 2 glowing ruby potions.
  2065 | D:3      | 2065 ||| DRINKING 2 fuming yellow potions.
  2066 | D:3      | 2066 ||| READING 4 scrolls of identify.
  2066 | D:3      | 2066 ||| IDENTIFYING lumpy brown potion
  2067 | D:3      | 2067 ||| READING 3 scrolls of identify.
  2067 | D:3      | 2067 ||| IDENTIFYING red potion
  2068 | D:3      | 2068 ||| READING 2 scrolls of identify.
  2068 | D:3      | 2068 ||| IDENTIFYING glowing orange potion
  2069 | D:3      | 2069 ||| DROPPING 3 scrolls of amnesia.
  2151 | D:4      | Reached XP level 6. HP: 38/38 MP: 6/6
  2171 | D:4      | Reached skill level 1 in Dodging
  2202 | D:4      | Found an ancient bone altar of Kikubaaqudgha.
  2204 | D:4      | Found a blossoming altar of Fedhas.
  2546 | D:4      | Found a staircase to the Ecumenical Temple.
  2547 | D:4      | 2547 ||| PLANNING TEMPLE
  2594 | D:4      | 2594 ||| UPGRADING to ring of protection from fire.
  2595 | D:4      | 2595 ||| READING scroll labelled QOITEE TULL.
  2596 | D:4      | 2596 ||| READING scroll labelled XEAJA QAMIUQUM.
  2597 | D:4      | 2597 ||| READING scroll labelled WYEKHL ZEOVOUT.
  2633 | Temple   | Entered the Ecumenical Temple
  2674 | Temple   | 2674 ||| PLANNING D:1-11
  2795 | D:5      | Entered Level 5 of the Dungeon
  2795 | D:5      | Noticed a water moccasin
  2803 | D:5      | Killed a water moccasin
  2804 | D:5      | Reached skill level 6 in Axes
  2804 | D:5      | Reached XP level 7. HP: 43/43 MP: 7/7
  2904 | D:5      | Noticed Sigmund
  2923 | D:5      | HP: 7/43 [something (6)]
  2928 | D:5      | Slain by Sigmund

Levels and vault maps discovered:
D:1:      evilmike_arrival_hilbert_curve, layout_rooms,
          nicolae_concentric_dashed_squares_wild
D:2:      layout_rooms, basic_altar, minmay_quantized, uniq_robin
D:3:      layout_rooms, minmay_goblin_kobold_house
D:4:      layout_basic, grunt_temple_overflow_growth_and_decay,
          minmay_temple_entry_proselytizer
D:5:      wander_river, layout_basic, serial_co_window_serial,
          co_window_of_opportunity_a, co_window_paths_a, co_window_paths_a,
          co_window_paths_a, co_window_paths_b, co_window_2corner,
          co_window_broadway_c, co_window_cross_3, co_window_cross_2,
          co_window_4corner_a, glass_columns_a, glass_columns_a, serial_shops,
          shop, amcnicky_mini_pool_small, uniq_sigmund, uniq_grinder,
          uniq_edmund
Temple:   nicolae_temple_ecumenical_triangle

Skill      XL: |  1  2  3  4  5  6 |
---------------+-------------------+-----
Axes           | 2 3 4 5 6 |  6.2
Fighting       | 4 |  4.1
Dodging        | 1 |  1.2
Armour         | |  3.2
Shields        | |  3.2

Action                     |  1- 3 |  4- 6 |  7- 9 || total
---------------------------+-------+-------+-------++-------
  Melee: War axe           |   122 |   154 |    31 ||   307
  Throw: Boomerang         |       |    27 |       ||    27
    Use: Scroll            |     4 |    11 |       ||    15
         Potion            |       |     2 |       ||     2
 Armour: Scale mail        |    65 |   105 |     5 ||   175
  Dodge: Dodged            |    55 |    77 |     4 ||   136
  Block: Buckler           |    28 |    33 |     5 ||    66

Table legend:
 A = Non-vault XP
 B = Vault XP
 C = Vault XP percentage of total XP
 D = Non-vault monster count
 E = Vault monster count
 F = Vault count percentage of total count
                 A         B        C        D         E       F
            +---------+---------+-------+---------+---------+-------
      Total |     594 |     103 |  14.8 |      76 |      22 |  22.4
            +---------+---------+-------+---------+---------+-------
        D:1 |      43 |       0 |   0.0 |      27 |       0 |   0.0
        D:2 |      91 |      54 |  37.2 |      25 |      15 |  37.5
        D:3 |     121 |       8 |   6.2 |      18 |       6 |  25.0
        D:4 |     177 |      41 |  18.8 |       4 |       1 |  20.0
        D:5 |     162 |       0 |   0.0 |       2 |       0 |   0.0
            +---------+---------+-------+---------+---------+-------
